 Dungeon Crawl Stone Soup version 0.29.1-15-g9cfb28693d (webtiles) character file.

Game seed: 708020564912838497

46 Smoke131 the Sneak (level 3, -2/19 HPs)
             Began as a Vampire Enchanter on Feb 21, 2023.
             Splashed by a jelly's acid (8 damage)
             ... on level 2 of the Dungeon.
             The game lasted 00:04:06 (1223 turns).

Smoke131 the Sneak (Vampire Enchanter)              Turns: 1223, Time: 00:04:06

Health: -2/19      AC:  2    Str:  7    XL:     3   Next: 46%
Magic:  6/6        EV: 13    Int: 17    God:
Gold:   141        SH:  0    Dex: 16    Spells: 4/6 levels left

rFire   . . .      SeeInvis +   a - +1 dagger
rCold   + + .      Faith    .   (no shield)
rNeg    + + +      Spirit   .   b - +0 robe
rPois   ∞          Reflect  .   (no helmet)
rElec   .          Harm     .   (no cloak)
rCorr   .          Rampage  .   (no gloves)
Will    .....                   (no boots)
Stlth   +++++.....              f - amulet of regeneration
HPRegen 0.00/turn               (no ring)
MPRegen 0.10/turn               (no ring)

@: bloodless, inhibited regen
A: bloodless, fangs 3, see invisible, vampiric 2
a: Bat Form, Revivify


You were on level 2 of the Dungeon.
You visited 1 branch of the dungeon, and saw 2 of its levels.

You collected 141 gold pieces.

Inventory:

Hand Weapons
 a - a +1 dagger (weapon)
Armour
 b - a +0 robe (worn)
Jewellery
 f - an amulet of regeneration (around neck)
Scrolls
 d - a scroll of fear {unknown}
 g - 3 scrolls of fog {unknown}
 i - a scroll of noise {unknown}
Potions
 c - 2 potions of invisibility
 e - a potion of resistance {unknown}
 h - a potion of brilliance {unknown}
 j - a potion of heal wounds {unknown}
 k - a potion of might {unknown}
 l - a potion of lignification {unknown}
 m - a potion of haste {unknown}


   Skills:
 + Level 1.8 Short Blades
 + Level 2.7 Dodging
 + Level 5.0 Stealth
 + Level 2.4 Spellcasting
 + Level 4.9 Hexes


You had 4 spell levels left.
You knew the following spells:

 Your Spells              Type           Power      Damage    Failure   Level
a - Ensorcelled Hibernat  Hex/Ice        20%        N/A       11%         2

Your spell library contained the following spells:

 Spells                   Type           Power      Damage    Failure   Level
 Confusing Touch          Hex            18%        N/A       8%          3
 Tukima's Dance           Hex            18%        N/A       8%          3
 Necrotise                Necr           8%         1d4       19%         1
 Sandblast                Erth           4%         2d4       19%         1
 Shock                    Conj/Air       8%         1d3       19%         1
 Dazzling Flash           Conj/Hex       20%        N/A       21%         3
 Passwall                 Tmut/Erth      1%         N/A       28%         2
 Conjure Flame            Conj/Fire      2%         6-21      50%         3
 Gell's Gravitas          Tloc           2%         N/A       50%         3
 Ignite Poison            Fire/Tmut/Pois 2%         N/A       50%         3
 Lesser Beckoning         Tloc           2%         N/A       50%         3
 Stone Arrow              Conj/Erth      4%         3d7       50%         3
 Swiftness                Air            2%         N/A       50%         3
 Teleport Other           Tloc           2%         N/A       50%         3
 Vampiric Draining        Necr           2%         2d6       50%         3
 Airstrike                Air            1%         2d(1-17)  88%         4
 Sticky Flame             Conj/Fire      2%         2d3       88%         4
 Agony                    Necr           2%         N/A       99%         5


Dungeon Overview and Level Annotations

Branches:
Dungeon (2/15)

Altars:
Ru


Innate Abilities, Weirdness & Mutations

You do not regenerate when monsters are visible.
You are frail without blood (-20% HP).
You can heal yourself when you bite living creatures.
You are immune to poison.
You have razor-sharp teeth.
You have supernaturally acute eyesight. (SInv)
You are afflicted with vampirism and can become a bat while bloodless.


Message History

2 jellies and 6 endoplasms come into view.
Found four items.
There is an open door here.
The endoplasm quivers.
There is an open door here.
Things that are here:
a +0 whip; a kobold corpse You hit the endoplasm.
You bite the endoplasm.
You kill the endoplasm!
Things that are here:
a +0 whip; a kobold corpse The endoplasm quivers.
The endoplasm jiggles.
The endoplasm freezes you.
You are frozen.
You resist.
You hit the endoplasm.
The endoplasm is almost dead.
The endoplasm freezes you.
You are frozen.
You resist.
You hit the endoplasm.
You kill the endoplasm!
Things that are here:
a +0 whip; a kobold corpse
There is an open door here.
Things that are here:
a +0 whip; a kobold corpse
Things that are here:
a +0 whip; a kobold corpse
There is an open door here.
Things that are here:
a +0 whip; a kobold corpse The jelly quivers.
There is an open door here.
Things that are here:
a +0 whip; a kobold corpse The jelly hits you.
You are splashed with acid!
The jelly jiggles.
The jelly attacks as you move away! The jelly hits you.
You are splashed with acid!
You die...

....##...........#######.....#
#)...............# #†#...#
#.#..#.########### #.##.##
#.##.########### ####.# #....#
#......########## #)## ######
#PPP.÷.'##......###).#
#.J.J..#J#.......##..#
#P..P..#J#........'..#
#...J.÷#@#........'..#
#÷JPJ.÷#.#'#.....)'.##
#...÷.÷#.#.#.....##.#
#.PP...#.#.#....#####
#[.J÷.J##.####### ###


You could see 2 jellies.

Vanquished Creatures
  A worm (D:2)
  2 bats
  8 endoplasms
  A giant cockroach (D:1)
  6 goblins
  A hobgoblin (D:2)
  3 jackals (D:2)
  A quokka (D:2)
  2 ball pythons (D:1)
  2 frilled lizards (D:1)
  9 kobolds
  3 rats
39 creatures vanquished.

Vanquished Creatures (others)
  7 toadstools (D:2)
7 creatures vanquished.

Grand Total: 46 creatures vanquished

Notes
Turn   | Place    | Note
-------+----------+-------------------------------------------
     0 | D:1      | Smoke131 the Vampire Enchanter began the quest for the Orb.
     0 | D:1      | Reached XP level 1. HP: 13/13 MP: 3/3
   346 | D:1      | Reached XP level 2. HP: 15/15 MP: 5/5
   377 | D:1      | Found a faded altar of an unknown god.
   684 | D:1      | Learned a level 2 spell: Ensorcelled Hibernation
   724 | D:2      | Found a sacrificial altar of Ru.
   853 | D:2      | Gained mutation: You are afflicted with vampirism and can
                  | become a bat while bloodless. [Vampire growth]
   853 | D:2      | Reached XP level 3. HP: 18/19 MP: 6/6
  1050 | D:2      | Reached skill level 5 in Stealth
  1223 | D:2      | Splashed by a jelly's acid

Illustrated notes

Levels and vault maps discovered:
D:1:      wander_arrival_estate, layout_rooms,
          hellmonk_ecumenical_altar_slurped_away
D:2:      cheibrodos_fertilizer, layout_basic, basic_altar, uniq_terence

Skill      XL: |  1  2  3 |
---------------+----------+-----
Stealth        | 5 |  5.0
Short Blades   | |  1.8
Dodging        | |  2.7
Spellcasting   | |  2.4
Hexes          | |  4.9

Action                   || total
-------------------------++-------
Melee: Dagger            ||   121
       Bite              ||    13
 Abil: Exsanguinate      ||     1
 Stab: Sleeping          ||    14
Armor: Robe              ||    13
Dodge: Dodged            ||    69
